 Dungeon Crawl Stone Soup version bcrawl-1.41 (webtiles) character file.

Game seed: 16415190617646464878

371530 yrara the Basher (level 12, -8/92 HPs)
             Began as a Demonspawn Fighter on Mar 26, 2024.
             Was an Initiate of Gozag.
             Mangled by a harpy (9 damage)
             ... summoned by Kirke
             ... on level 11 of the Dungeon.
             The game lasted 00:13:40 (12681 turns).

yrara the Basher (Demonspawn Fighter)              Turns: 12681, Time: 00:13:41

Health: -8/92      AC:  0    Str: 19    XL:     12   Next: 6%
Magic:  0/13       EV: 16    Int: 11    God:    Gozag
Gold:   50         SH:  0    Dex: 14    Spells: 11/11 levels left

rFire    . . .     GDR:     26%   - Teeth (9.8)
rCold    . . .     SeeInvis .   (shield currently unavailable)
rNeg     . . .     Gourm    .   (armour currently unavailable)
rPois    .         Faith    .   (helmet currently unavailable)
rElec    .         Spirit   +   (cloak currently unavailable)
rCorr    .         Reflect  .   (gloves currently unavailable)
MR       .....                  (boots currently unavailable)
Stlth    ++........             r - amulet of rage
HPRegen  0.25/turn              (ring currently unavailable)
MPRegen  0.26/turn              (ring currently unavailable)

@: pig-form, slowed
A: small, powered by pain 2, magic shield, magic regeneration
a: Potion Petition, Call Merchant, Bribe Branch, Renounce Religion, Evoke
Berserk Rage


You were on level 11 of the Dungeon.
You worshipped Gozag.
Gozag was noncommittal.
You were hungry.
You were a filthy swine.
You visited 2 branches of the dungeon, and saw 12 of its levels.

You collected 1565 gold pieces.
You spent 635 gold pieces at shops.
You paid 880 gold pieces to Gozag.

Inventory:

Hand Weapons
 p - a +3 flail of protection (melded)
 v - a +0 shortbow
Missiles
 h - 1477 arrows
Armour
 c - a +0 medium shield
 k - a +2 pair of boots (melded)
 y - a +2 cloak of invisibility (melded)
 z - a +1 plate armour (melded)
Jewellery
 b - a +4 ring of strength (melded)
 n - a ring of protection from cold (melded)
 r - an amulet of rage (around neck)
Wands
 d - a wand of clouds (6)
 t - a wand of disintegration (13)
Scrolls
 i - 2 scrolls of identify
 l - 3 scrolls of enchant weapon
 m - 3 scrolls of blinking
 s - 4 scrolls of remove curse
 x - 6 scrolls of teleportation
Potions
 a - 3 potions of haste
 f - 2 potions of cancellation
 g - 3 potions of resistance
 j - 2 potions of brilliance
 o - a potion of curing
 q - 3 potions of flight
 u - a potion of invisibility
 w - a potion of heal wounds
 A - a potion of mutation
Comestibles
 e - 19 rations {!d}


   Skills:
 + Level 7.8 Fighting
 * Level 13.4 Maces & Flails
 * Level 4.8 Bows
 + Level 7.9 Armour
 + Level 3.8 Dodging
 + Level 1.2 Stealth
 - Level 2.6 Shields


You had 11 spell levels left.
You didn't know any spells.
Your spell library was empty.

Dungeon Overview and Level Annotations

Branches:
Dungeon (11/12)            Temple (1/1) D:7            Lair (0/6) D:9
    Orc (0/1) D:9
 Vaults: D:11-12

Altars:
Ashenzari
Cheibriados
Dithmenos
Fedhas
Gozag
Hepliaklqana
Kikubaaqudgha
Lugonu
Makhleb
Nemelex Xobeh
Okawaru
Qazlal
Ru
Sif Muna
Trog
Uskayaw
Vehumet
Wu Jian
Xom
Yredelemnul

Shops:
D:4 ?   D:7 =   D:9 }   D:11 ![

Annotations:
D:11 Kirke


Innate Abilities, Weirdness & Mutations

((You have a pair of antennae on your head.))
((You are mostly covered in thin metallic scales. (AC +3)))
You sometimes gain power by taking damage.
When hurt, damage is shared between your health and your magic reserves.
You regenerate magic rapidly.


Message History

* * * LOW HITPOINT WARNING * * *
The harpy claws you.
* * * LOW HITPOINT WARNING * * *
The harpy misses you. The harpy barely misses you. The harpy claws you.
* * * LOW HITPOINT WARNING * * *
Kirke hits you.
* * * LOW HITPOINT WARNING * * *
Okay, then.
You feel much better.
The harpy screeches!
The harpy closely misses you. The harpy claws you!
* * * LOW HITPOINT WARNING * * *
You focus on the pain.
You feel your power returning. The harpy closely misses you.
The harpy claws you!
* * * LOW HITPOINT WARNING * * *
The harpy claws you!
* * * LOW HITPOINT WARNING * * *
The harpy claws you!
You die...
Your body crumbles into a pile of gold.

♣♣♣♣♣ ♣♣^..♣♣
###♣.)♣.H♣########
########.'..♣♣♣H@h5h.....
##....^...#♣..♣Hh♣#{......
.'........#♣♣...♣♣ .h.....
.#......[.# ♣♣♣♣♣ .......
.#........# ..{....
.#........# .=.....
.#........# @......
##........# .hh....
#........# $ #........#


You could see Kirke, 3 harpies, 2 hogs and a crimson imp.

Vanquished Creatures
  3 two-headed ogres
  An ogre mage (D:10)
  A wolf spider zombie (D:10)
  Pikel (D:5)
  A cyclops (D:10)
  An ugly thing (D:10)
  The ghost of Valeaz the Skirmisher, a novice MiFi (D:4)
  2 komodo dragons (D:7)
  2 trolls
  A harpy skeleton (D:8)
  2 hippogriffs (D:10)
  A slime creature (D:9)
  A wraith (D:11)
  18 yaks
  2 hogs (D:11)
  A human (D:10)
  A basilisk (D:9)
  Eustachio (D:4)
  Menkaure (D:4)
  4 crocodiles (D:9)
  Edmund (D:4)
  2 porcupines (D:9)
  6 orc warriors
  4 ice beasts
  A slave (D:5)
  A swamp drake (D:9)
  2 black bears
  6 sky beasts
  2 necrophages
  7 ogres
  2 phantoms
  2 kobold brigands
  4 bullfrogs
  3 centaurs
  A wyvern skeleton (D:8)
  7 scorpions
  6 killer bees (D:10)
  4 orc priests
  4 howler monkeys
  4 crimson imps
  3 hounds
  A quasit (D:10)
  A jelly (D:11)
  18 orc wizards
  Crazy Yiuf (D:5)
  A bullfrog skeleton (D:6)
  7 iguanas
  5 worker ants
  2 porcupine skeletons (D:10)
  A hound skeleton (D:4)
  A worker ant zombie (D:9)
  A howler monkey skeleton (D:5)
  A gnoll (D:8)
  8 adders
  A shadow imp (D:6)
  5 oozes
  3 adder zombies
  A worm (D:1)
  A dart slug (D:1)
  6 leopard geckos
  47 orcs
  3 giant cockroaches
  12 hobgoblins
  8 jackals
  16 kobolds
  7 quokkas
  3 bats
  3 frilled lizards
  13 goblins
  5 rats
300 creatures vanquished.

Vanquished Creatures (others)
  An orc wizard (D:3)
  An adder (D:8)
  A kobold (D:6)
3 creatures vanquished.

Grand Total: 303 creatures vanquished

Notes
Turn   | Place    | Note
-------+----------+-------------------------------------------
     0 | D:1      | yrara the Demonspawn Fighter began the quest for the Orb.
     0 | D:1      | Reached XP level 1. HP: 18/18 MP: 2/2
   101 | D:1      | Reached skill level 2 in Maces & Flails
   118 | D:1      | Gained mutation: When hurt, damage is shared between your
                  | health and your magic reserves. [demonic ancestry]
   118 | D:1      | Reached XP level 2. HP: 4/24 MP: 3/3
   395 | D:1      | Gained mutation: You have a pair of small antennae on your
                  | head. [demonic ancestry]
   395 | D:1      | Reached XP level 3. HP: 28/29 MP: 4/4
   604 | D:1      | Got a brightly glowing platinum amulet
   757 | D:1      | Identified the amulet of Opsaol {Inacc *Drain rElec MR++
                  | Dex-5} (You found it on level 1 of the Dungeon)
  1615 | D:2      | Gained mutation: You regenerate magic rapidly. [demonic
                  | ancestry]
  1615 | D:2      | Reached XP level 4. HP: 34/36 MP: 5/5
  1938 | D:2      | Found a white marble altar of Elyvilon.
  2154 | D:3      | Reached skill level 3 in Maces & Flails
  2535 | D:2      | Reached skill level 1 in Dodging
  2535 | D:2      | Gained mutation: You sometimes gain a little power by
                  | taking damage. [demonic ancestry]
  2535 | D:2      | Reached XP level 5. HP: 21/42 MP: 3/6
  2754 | D:3      | Noticed an ogre
  2763 | D:3      | Killed an ogre
  2764 | D:3      | Reached skill level 4 in Maces & Flails
  2764 | D:3      | Reached XP level 6. HP: 27/48 MP: 4/7
  3401 | D:4      | Found a transporter.
  3409 | D:4      | Noticed Valeaz's ghost (novice MiFi)
  3421 | D:4      | Found a transporter.
  3534 | D:4      | Found a glowing golden altar of the Shining One.
  3739 | D:4      | Noticed a sky beast
  3759 | D:4      | Killed a sky beast
  3760 | D:4      | Gained mutation: You sometimes gain power by taking damage.
                  | [demonic ancestry]
  3760 | D:4      | Reached XP level 7. HP: 7/54 MP: 2/8
  3889 | D:4      | Noticed Edmund
  3907 | D:4      | Killed Edmund
  3908 | D:4      | Reached skill level 5 in Maces & Flails
  4174 | D:4      | Noticed Menkaure
  4188 | D:4      | Killed Menkaure
  4294 | D:4      | Found Rinkist's Magic Scroll Emporium.
  4392 | D:4      | Reached skill level 6 in Maces & Flails
  4401 | D:4      | Killed Valeaz's ghost
  4402 | D:4      | Reached skill level 5 in Armour
  4402 | D:4      | Gained mutation: You are partially covered in thin metallic
                  | scales. (AC +2) [demonic ancestry]
  4402 | D:4      | Reached XP level 8. HP: 37/61 MP: 5/9
  4409 | D:4      | Reached skill level 7 in Maces & Flails
  4521 | D:4      | Bought a scroll of identify for 26 gold pieces
  4521 | D:4      | Bought a scroll of identify for 26 gold pieces
  4538 | D:5      | Entered Level 5 of the Dungeon
  4607 | D:5      | Noticed Eustachio
  4641 | D:4      | Killed Eustachio
  4801 | D:4      | Reached skill level 5 in Fighting
  4995 | D:5      | Reached skill level 8 in Maces & Flails
  5252 | D:5      | Reached XP level 9. HP: 57/68 MP: 8/10
  5357 | D:5      | Found a runed door.
  5508 | D:5      | Noticed Pikel
  5530 | D:5      | Killed Pikel
  5531 | D:5      | Reached skill level 9 in Maces & Flails
  5665 | D:5      | Noticed Crazy Yiuf
  5670 | D:5      | Killed Crazy Yiuf
  6039 | D:6      | Reached skill level 10 in Maces & Flails
  6476 | D:6      | Found a white marble altar of Elyvilon.
  6576 | D:7      | Noticed a troll
  6590 | D:7      | Killed a troll
  6603 | D:7      | Found a bloodstained altar of Trog.
  6609 | D:7      | Reached XP level 10. HP: 40/76 MP: 9/11
  6932 | D:7      | Found Gyma's Jewellery Shoppe.
  7176 | D:7      | Found a staircase to the Ecumenical Temple.
  7218 | D:7      | Reached skill level 1 in Bows
  7229 | Temple   | Entered the Ecumenical Temple
  8015 | D:8      | Found a shimmering altar of Xom.
  8029 | D:8      | Reached skill level 11 in Maces & Flails
  8057 | D:7      | HP: 1/76 [komodo dragon (10)]
  8200 | D:8      | Noticed a two-headed ogre
  8311 | D:8      | Killed a two-headed ogre
  8562 | D:8      | Got a scorched dagger
  8951 | D:9      | Found Rudi God's Gadget Shoppe.
  9158 | D:9      | Found a shimmering blue altar of Sif Muna.
  9208 | D:9      | Found a staircase to the Lair.
  9487 | D:8      | Gained mutation: You have a pair of antennae on your head.
                  | [demonic ancestry]
  9487 | D:8      | Reached XP level 11. HP: 83/83 MP: 12/12
  9600 | D:9      | Reached skill level 12 in Maces & Flails
  9757 | D:9      | Found a staircase to the Orcish Mines.
 10135 | D:9      | Found an iron altar of Okawaru.
 10138 | D:9      | Found an opulent altar of Gozag.
 10140 | D:9      | Found a basalt altar of Yredelemnul.
 10347 | D:9      | Became a worshipper of Gozag Ym Sagoz the Greedy
 10403 | D:7      | Bought a +4 ring of strength for 138 gold pieces
 10455 | D:10     | Entered Level 10 of the Dungeon
 10727 | D:10     | Noticed a cyclops
 10729 | D:10     | Noticed a green ugly thing
 10739 | D:10     | Killed a cyclops
 10748 | D:10     | Killed a green ugly thing
 11059 | D:10     | Reached skill level 1 in Stealth
 11616 | D:10     | Reached skill level 13 in Maces & Flails
 11949 | D:10     | Noticed a two-headed ogre
 11950 | D:10     | Noticed an ogre mage
 11990 | D:10     | Killed an ogre mage
 11995 | D:10     | Noticed a two-headed ogre
 12002 | D:10     | Killed a two-headed ogre
 12029 | D:10     | Killed a two-headed ogre
 12036 | D:10     | Gained mutation: You are mostly covered in thin metallic
                  | scales. (AC +3) [demonic ancestry]
 12036 | D:10     | Reached XP level 12. HP: 21/92 MP: 9/13
 12403 | D:11     | Bought a glowing cloak for 195 gold pieces
 12414 | D:11     | Bought a runed cloak for 195 gold pieces
 12524 | D:11     | Found Yqelufast's Distillery.
 12541 | D:11     | Bought a potion of heal wounds for 55 gold pieces
 12655 | D:11     | Noticed Kirke
 12680 | D:11     | HP: 1/92 [Kirke (4)]
 12681 | D:11     | Mangled by a harpy

Skill      XL: |  1  2  3  4  5  6  7  8  9 10 11 |
---------------+----------------------------------+-----
Maces & Flails | 2 3 4 6 8 10 11 13 | 13.4
Armour         | 3 4 5 7 |  7.9
Dodging        | 1 2 3 |  3.8
Fighting       | 4 5 6 7 |  7.8
Bows           | 3 4 |  4.8
Stealth        | 1 |  1.2
Shields        | |  2.6

Action                   |  1- 3 |  4- 6 |  7- 9 | 10-12 || total
-------------------------+-------+-------+-------+-------++-------
Melee: Flail             |   255 |   180 |   354 |   812 ||  1601
       Unarmed           |       |       |       |     4 ||     4
Invok: Call Merchant     |       |       |       |     1 ||     1
  Use: Scroll            |     1 |     5 |     9 |     5 ||    20
       Potion            |       |       |     1 |     4 ||     5
 Stab: Distracted        |       |       |       |     4 ||     4
       Confused          |       |       |       |     1 ||     1
  Eat: Chunk             |     8 |    11 |    17 |    21 ||    57
       Ration            |     1 |       |     1 |     4 ||     6
Armor: Scale mail        |   129 |    84 |   199 |       ||   412
       Plate armour      |       |       |    37 |   598 ||   635
Dodge: Dodged            |   128 |    88 |   200 |   280 ||   696
